Unix NetHack Version 5.0.0-0 post-release - last build Jun 10 2026 00:39:30 (3ee93aec679c4c4259841fe613dc97188e26a321,branch:main).

Game began 2026-06-20 11:51:00, ended 2026-06-20 12:11:06.

LDaviesPeters, neutral female human Archeologist

                                  -----
              ----------------  ##-...|
              |..............-####|{..|        ---------
              |..............|## #|....B#      |.......|
              |......(.......|   #-.--- @f#####|.......|
              |..............|   #########    #|..>....|
              ----.-----------    #           #-.._e...|
                  #             ###            |.......|
                  #                            ------.--
                  #                                  #####
                  #       ---.-----------                #
                  #       |.............|                #
                  #      #..............|                #
                  #   #  #|.............|                ###
              ----|--#####|.<...........|           -------+-
              |......##   |...........`.|           |.......|
              |.....|     ---------------           |.......|
              |.....|                               |.......|
              -------                               ---------

LDaviesPeters the Field Worker  St:12 Dx:8 Co:11 In:16 Wi:16 Ch:12  Neutral
Dlvl:4  $:0  HP:0(31) Pw:17(17) AC:8  Xp:4 T:2170 

Latest messages:
 Lock it? [ynq] (q) y
 You succeed in locking the door.
 You see here a statue of a floating eye.
 The leprechaun hits!
 Your purse feels lighter.
 The leprechaun vanishes!
 You swap places with your kitten.
 In what direction? 3
 The door closes.
 What do you want to use or apply? [abfgkpB or ?*] k
 In what direction? 3
 Lock it? [ynq] (q) y
 You succeed in locking the door.
 What do you want to use or apply? [abfgkpB or ?*] b
 C - a black potion.
 D - a sky blue potion.
 There is a black flash as a black potion hits the altar.
 A sky blue potion lands on the altar.
 C - a cursed black potion.
 D - an uncursed sky blue potion.
 What do you want to use or apply? [abfgkpB or ?*] b
 You put a cursed black potion into the sack.
 You put an uncursed sky blue potion into the sack.
 This door is locked.
 Unlock it with your lock pick? [ynq] (q) y
 You succeed in picking the lock.
 The door resists!
 The door opens.
 The newt bites!
 You kill the newt!
 You are beginning to feel weak.
 What do you want to eat? [d or ?*] ?
 This food really hits the spot!
 You finish eating the food ration.
 You swap places with your kitten.
 The giant bat bites!
 The giant bat bites!
 You lash the giant bat.
 The giant bat bites!
 The giant bat bites!
 You miss the giant bat.
 The giant bat bites!
 The giant bat bites!
 You miss the giant bat.
 The giant bat bites!
 The giant bat bites!
 You lash the giant bat.
 The giant bat bites!
 You die...
 Do you want your possessions identified? [ynq] (y) q

Inventory:
 Weapons  (')')
  v - a +0 orcish dagger
  a - a +2 bullwhip (weapon in right hand)
 Armor    ('[')
  u - an uncursed +0 orcish helm (being worn)
  h - an uncursed +0 leather jacket (being worn)
 Comestibles  ('%')
  d - 5 uncursed food rations
 Scrolls  ('?')
  n - 2 uncursed scrolls of teleportation
 Spellbooks  ('+')
  B - an uncursed spellbook of create monster
 Rings    ('=')
  m - an uncursed ring of shock resistance (on left hand)
 Tools    ('(')
  b - an uncursed sack containing 3 items
  k - an uncursed lock pick
  p - a +0 pick-axe
  f - a tinning kit (0:74)
 Gems/Stones  ('*')
  g - an uncursed touchstone

Contents of the sack:
  16 gold pieces
  a cursed potion of speed
  an uncursed potion of healing

LDaviesPeters the Archeologist's attributes:

Background:
 You were a Field Worker, a level 4 female human Archeologist.
 You were neutral, on a mission for Camaxtli
 who was opposed by Quetzalcoatl (lawful) and Huhetotl (chaotic).
 You were right-handed.
 You were in the Dungeons of Doom, on level 4.
 You entered the dungeon 2170 turns ago.
 You had 84 experience points, 76 more were needed to attain level 5.

Basics:
 You had 0 out of 31 hit points.
 You had all 17 energy points (spell power).
 Your armor class was 8.
 Your wallet was empty, but
 you had 16 zorkmids stashed away in your pack.
 Autopickup was off.

Final Characteristics:
 Your strength was 12 (limit:18/100).
 Your dexterity was 8 (limit:18).
 Your constitution was 11 (limit:18).
 Your intelligence was 16 (limit:18).
 Your wisdom was 16 (limit:18).
 Your charisma was 12 (limit:18).

Final Status:
 You weren't hungry.
 You were unencumbered.
 You were wielding a whip.
 You had basic skill with whip.

Final Attributes:
 You were devoutly aligned.
 You were shock resistant.
 Your items were protected from electric shocks.
 You had automatic searching.
 You are dead.

Miscellaneous:
 You didn't encounter any bones levels.
 Total elapsed playing time was 20 minutes and 5 seconds.

Major events:
 Turn
    1: LDaviesPeters the neutral female human Archeologist entered the dungeon
  870: attained the rank of Field Worker (level 3)
 1277: entered the Gnomish Mines
 2170: killed by a giant bat

You didn't know any spells.

Skills:
 Fighting Skills
   bare handed combat [Unskilled]
   two weapon combat  [Unskilled]
   riding             [Unskilled]
 Weapon Skills
   dagger             [Unskilled]
   knife              [Unskilled]
   pick-axe           [Basic]
   short sword        [Unskilled]
   saber              [Unskilled]
   club               [Unskilled]
   quarterstaff       [Unskilled]
   sling              [Unskilled]
   dart               [Unskilled]
   boomerang          [Unskilled]
   whip               [Basic]
   unicorn horn       [Unskilled]
 Spellcasting Skills
   attack spells      [Unskilled]
   healing spells     [Unskilled]
   divination spells  [Unskilled]
   matter spells      [Unskilled]

Voluntary challenges:
 Character rerolling was not enabled.
 You never genocided any monsters.
 You never polymorphed an object.
 You never changed form.
 You used no wishes.
Achievements:
 You attained the rank of Field Worker.
 You entered the Gnomish Mines.
 You entered a shop.

 The Dungeons of Doom: levels 1 to 4
    Level 1:
    Level 2:
       A sink.
    Level 3:
       A general store, some fountains.
       Stairs down to The Gnomish Mines.
    Level 4: <- You were here.
       An altar, a fountain.
       Final resting place for
          you, killed by a giant bat.
 The Gnomish Mines:
    Level 4:


Vanquished creatures:
  2 shriekers
  a giant bat
  a dwarf zombie
  3 iguanas
 an acid blob
  a coyote
  2 geckos
  7 jackals
  2 goblins
  5 grid bugs
  2 lichens
  2 kobold zombies
  8 newts
37 creatures vanquished.

No species were genocided or became extinct.

Game over:
                       ----------
                      /          \
                     /    REST    \
                    /      IN      \
                   /     PEACE      \
                  /                  \
                  |  LDaviesPeters   |
                  |      16 Au       |
                  |   killed by a    |
                  |    giant bat     |
                  |                  |
                  |                  |
                  |       2026       |
                 *|     *  *  *      | *
        _________)/\\_//(\/(/\)/\//\/|_)_______

Goodbye LDaviesPeters the Archeologist...

You died in The Dungeons of Doom on dungeon level 4 with 501 points,
and 16 pieces of gold, after 2170 moves.
You were level 4 with a maximum of 31 hit points when you died.

